 Dungeon Crawl Stone Soup version 0.23.2-30-g0e89c35649 (webtiles) character file.

Game seed: 8446364129445189553

44 TrebMcFLY the Firebug (level 3, 0/19 HPs)
             Began as a Deep Elf Fire Elementalist on June 16, 2019.
             Succumbed to an adder's poison
             ... on level 2 of the Dungeon.
             The game lasted 00:04:32 (1245 turns).

TrebMcFLY the Firebug (Deep Elf Fire Elementalist)  Turns: 1245, Time: 00:04:32

Health: 0/19       AC:  2    Str:  5    XL:     3   Next: 39%
Magic:  2/10       EV: 13    Int: 20    God:
Gold:   102        SH:  0    Dex: 15    Spells: 3/9 levels left

rFire    . . .     SeeInvis .   b - +0 short sword
rCold    . . .     Gourm    .   (no shield)
rNeg     . . .     Faith    .   a - +0 robe
rPois    .         Spirit   .   (no helmet)
rElec    .         Reflect  .   (no cloak)
rCorr    .         Harm     .   (no gloves)
MR       .....                  (no boots)
Stlth    ++........             (no amulet)
HPRegen  0.06/turn              (no ring)
MPRegen  0.12/turn              (no ring)

@: lethally poisoned (0 -> -6)
A: no striking features
a: no special abilities


You were on level 2 of the Dungeon.
You were hungry.

You visited 1 branch of the dungeon, and saw 2 of its levels.

You collected 102 gold pieces.

Inventory:

Hand Weapons
 b - a +0 short sword (weapon)
Armour
 a - a +0 robe (worn)
Scrolls
 d - a scroll of magic mapping {unknown}
 e - 2 scrolls of remove curse {unknown}
 g - a scroll of teleportation {unknown}
 j - a scroll of enchant weapon {unknown}
 l - a scroll of blinking {unknown}
 m - a scroll of identify {unknown}
Potions
 f - a potion of curing {unknown}
 i - a potion of flight {unknown}
 k - 2 potions of heal wounds {unknown}
Comestibles
 c - 5 rations
 h - a chunk of flesh


   Skills:
 - Level 2.4 Dodging
 - Level 2.4 Stealth
 + Level 3.7 Spellcasting
 + Level 2.0 Conjurations
 * Level 4.2 Fire Magic


You had 3 spell levels left.
You knew the following spells:

 Your Spells              Type           Power        Failure   Level  Hunger
a - Flame Tongue          Conj/Fire      ###..        3%          1    None
b - Throw Flame           Conj/Fire      ###...       5%          2    ##.....
c - Conjure Flame         Conj/Fire      ###.....     11%         3    ###....

Your spell library contained the following spells:

 Spells                   Type           Power        Failure   Level  Hunger
 Inner Flame              Hex/Fire       ##......     17%         3    ###....
 Sticky Flame             Conj/Fire      ###.....     36%         4    ####...
 Fireball                 Conj/Fire      ###.......   71%         5    ######.


Dungeon Overview and Level Annotations

Branches:
Dungeon (2/15)

Altars:
Kikubaaqudgha


Message History

The adder bites you. The adder bites you but does no damage.
A worm comes into view.
The hobgoblin hits you with a +0 club.
Found a cyan potion.
The adder hisses angrily.
The dart slug launches a dart at you. The slug dart hits you!
* * * LOW HITPOINT WARNING * * *
The dart slug bites you but does no damage.
The hobgoblin barely misses you. The adder barely misses you.
The dart slug closely misses you. The adder bites you.
* * * LOW HITPOINT WARNING * * *
You are lethally poisoned!
The adder poisons you!
* * * LOW HITPOINT WARNING * * *
You feel sick. The adder barely misses you. The adder barely misses you.
You barely miss the adder.
The adder is heavily wounded.
You die...

. #.# # #. #.# # ..
#.##### # ##.# #.#...
###...######.#.########
.........w.........!..#
#.#.########.#..#####.#
#.#.# #.#wS#<..# #.#.#
#.#gS@# # #.#.#
#.#...r..#
..#.########.#.#..###
.............>.......
#.#.####....#........ #
#+#'####.##.#....#.###
# .......#.##.#..#.#..
# .......#.##.#..#..#.#
# .......#.##.#.......
#


You could see 2 adders, a dart slug, a hobgoblin and a rat.

Vanquished Creatures
  An adder (D:2)
  A dart slug (D:1)
  An orc (D:2)
  2 giant cockroaches
  3 goblins (D:1)
  4 hobgoblins
  A quokka (D:2)
  5 bats (D:1)
  6 frilled lizards
  5 kobolds
  2 rats (D:2)
31 creatures vanquished.

Notes
Turn   | Place    | Note
-------+----------+-------------------------------------------
     0 | D:1      | TrebMcFLY the Deep Elf Fire Elementalist began the quest
                  | for the Orb.
     0 | D:1      | Reached XP level 1. HP: 10/10 MP: 6/6
   275 | D:1      | Reached XP level 2. HP: 15/15 MP: 2/8
   287 | D:1      | Learned a level 2 spell: Throw Flame
   869 | D:2      | Reached skill level 4 in Fire Magic
   869 | D:2      | Reached XP level 3. HP: 16/19 MP: 0/10
   891 | D:2      | Found an ancient bone altar of Kikubaaqudgha.
  1016 | D:2      | Learned a level 3 spell: Conjure Flame
  1245 | D:2      | Succumbed to an adder's poison

Skill      XL: |  1  2  3 |
---------------+----------+-----
Fire Magic     | 4 |  4.2
Conjurations   | 2 |  2.0
Dodging        | |  2.4
Stealth        | |  2.4
Spellcasting   | |  3.7

Action                   || total
-------------------------++-------
Melee: Short sword       ||     7
 Cast: Flame Tongue      ||    38
       Throw Flame       ||    23
  Eat: Chunk             ||     1
Armor: Robe              ||     7
Dodge: Dodged            ||    24
